 Dungeon Crawl Stone Soup version 0.24-a0-584-g9d6b971ae4 (webtiles) character file.

Game seed: 17207334225503653839, levelgen mode: deterministic

108708 Ijustatesigmund the Blocker (level 16, -1/127 HPs)
             Began as a Gnoll Fighter on Sept 2, 2019.
             Was the Champion of Okawaru.
             Slain by a shambling mangrove (13 damage)
             ... on level 1 of the Swamp on Sept 3, 2019.
             The game lasted 01:27:59 (30033 turns).

Ijustatesigmund the Blocker (Gnoll Fighter)        Turns: 30033, Time: 01:27:59

Health: -1/127     AC: 17    Str: 25    XL:     16   Next: 50%
Magic:  23/30      EV: 16    Int: 14    God:    Okawaru [******]
Gold:   2053       SH: 13    Dex: 20    Spells: 21/36 levels left

rFire    + + +     SeeInvis .   H - +2 war axe "Huxzan Icwo" {chop, rC+ rN+ Int+3 Stlth-}
rCold    + . .     Gourm    .   I - +2 buckler
rNeg     + + .     Faith    .   b - +3 scale mail
rPois    +         Spirit   .   x - +1 hat of Okawaru's Whim {Regen+ Str+3}
rElec    +         Reflect  +   Q - scarf {rC+ rF+}
rCorr    .         Harm     .   K - +0 pair of gloves of Midsummer {rElec rPois rF+++ rC-}
MR       ++...                  h - +1 pair of boots
Stlth    +++.......             W - +3 amulet of reflection
HPRegen  0.71/turn              A - ring of wizardry
MPRegen  0.22/turn              v - ring "Vustiusm" {Wiz rN+ Str+2}

@: grasped by roots, very slightly contaminated, constricted
A: distributed training, fangs 1, magic resistance 1, electricity resistance,
strong nose
a: Heroism, Finesse, Renounce Religion


You were on level 1 of the Swamp.
You worshipped Okawaru.
Okawaru was exalted by your worship.
You were very hungry.

You visited 5 branches of the dungeon, and saw 25 of its levels.
You also visited: Sewer.

You collected 2728 gold pieces.
You spent 675 gold pieces at shops.

Inventory:

Hand Weapons
 m - the +5 hand crossbow "Neeghud" {freeze, rElec Str+3 Int-4}
   (You found it in a sewer)

   It causes projectiles fired from it to freeze those they strike, causing
   extra injury to most foes and up to half again as much damage against
   particularly susceptible opponents.
   They can also slow down cold-blooded creatures.
   It affects your strength (+3).
   It affects your intelligence (-4).
   It insulates you from electricity.
 F - a +1 scimitar of flaming
 H - the +2 war axe "Huxzan Icwo" (weapon) {chop, rC+ rN+ Int+3 Stlth-}
   (You found it on level 9 of the Dungeon)

   It inflicts extra damage upon your enemies.
   It affects your intelligence (+3).
   It protects you from cold.
   It protects you from negative energy.
   It makes you less stealthy.
Missiles
 w - 469 bolts
 Y - 7 silver javelins (quivered)
Armour
 b - a +3 scale mail (worn)
 h - a +1 pair of boots (worn)
 x - the +1 hat of Okawaru's Whim (worn) {Regen+ Str+3}
   (Okawaru gifted it to you on level 14 of the Dungeon)

   It affects your strength (+3).
   It increases your rate of regeneration.
 I - a +2 buckler (worn)
 K - the +0 pair of gloves of Midsummer (worn) {rElec rPois rF+++ rC-}
   (You found it on level 11 of the Dungeon)

   It renders you almost immune to fire.
   It makes you vulnerable to cold.
   It insulates you from electricity.
   It protects you from poison.
 O - the +2 hat "Favewiad" {Regen+}
   (Okawaru gifted it to you on level 13 of the Dungeon)

   It increases your rate of regeneration.
 P - the +0 pair of fencer's gloves {Riposte Dex+3}
   (You bought it in a shop on level 2 of the Orcish Mines)

   It affects your dexterity (+3).
 Q - a scarf of resistance (worn)
Jewellery
 c - a +2 ring of strength
 e - an uncursed ring of flight
 i - an uncursed ring of magical power
 v - the ring "Vustiusm" (right hand) {Wiz rN+ Str+2}
   (You found it in a sewer)

   [ring of wizardry]

   It improves your spell success rate.
   It affects your strength (+2).
   It protects you from negative energy.
 A - a ring of wizardry (left hand)
 C - an uncursed ring of positive energy
 W - a +3 amulet of reflection (around neck)
 Z - an uncursed ring of protection from magic
Wands
 o - a wand of disintegration (12)
 t - a wand of polymorph (24)
 L - a wand of flame (8)
 N - a wand of paralysis (21)
 V - a wand of iceblast (23)
 X - a wand of acid (16)
Scrolls
 a - 5 scrolls of remove curse
 d - 2 scrolls of holy word
 j - 2 scrolls of enchant weapon
 n - 6 scrolls of amnesia
 y - 2 scrolls of magic mapping
 z - a scroll of blinking
 D - a scroll of summoning
 E - 5 scrolls of fear
 R - 2 scrolls of teleportation
 T - 2 scrolls of fog
Potions
 g - 9 potions of flight
 k - a potion of ambrosia
 l - 3 potions of brilliance
 p - 5 potions of curing
 q - 5 potions of lignification
 r - a potion of might
 s - 3 potions of heal wounds
 u - a potion of magic
 B - a potion of agility
 G - 2 potions of mutation
 J - 2 potions of degeneration {unknown}
 S - a potion of berserk rage
 U - 3 potions of invisibility
Comestibles
 f - 36 rations


   Skills:
 + Level 12.3 Fighting
 + Level 10.7 Short Blades
 + Level 10.7 Long Blades
 + Level 10.7 Axes
 + Level 11.5 Maces & Flails
 + Level 10.7 Polearms
 + Level 10.7 Staves
 + Level 10.7 Slings
 + Level 10.7 Bows
 + Level 10.7 Crossbows
 + Level 10.7 Throwing
 + Level 12.3 Armour
 + Level 10.7 Dodging
 + Level 10.7 Stealth
 + Level 12.3 Shields
 + Level 10.7 Unarmed Combat
 + Level 10.7 Spellcasting
 + Level 9.1 Conjurations
 + Level 9.1 Hexes
 + Level 9.1 Charms
 + Level 9.1 Summonings
 + Level 9.1 Necromancy
 + Level 9.1 Translocations
 + Level 9.1 Transmutations
 + Level 9.1 Fire Magic
 + Level 9.1 Ice Magic
 + Level 9.1 Air Magic
 + Level 9.1 Earth Magic
 + Level 9.1 Poison Magic
 + Level 11.5 Invocations
 + Level 10.7 Evocations


You had 21 spell levels left.
You knew the following spells:

 Your Spells              Type           Power        Failure   Level  Hunger
a - Passwall              Tmut/Erth      ####....     1%          2    None
b - Swiftness             Chrm/Air       ####....     1%          2    None
c - Inner Flame           Hex/Fire       ####....     1%          3    #......
d - Dazzling Spray        Conj/Hex       ####..       1%          3    #......
e - Bolt of Magma         Conj/Fire/Erth ####......   3%          5    #####..

Your spell library contained the following spells:

 Spells                   Type           Power        Failure   Level  Hunger
 Animate Skeleton         Necr           N/A          1%          1    None
 Apportation              Tloc           ####..       1%          1    None
 Confusing Touch          Hex            ####..       1%          1    None
 Corona                   Hex            ####...      1%          1    None
 Freeze                   Ice            ####         1%          1    None
 Sandblast                Erth           ####..       1%          1    None
 Shock                    Conj/Air       ####         1%          1    None
 Summon Small Mammal      Summ           ####         1%          1    None
 Ensorcelled Hibernation  Hex/Ice        ####..       1%          2    None
 Poisonous Vapours        Pois/Air       ####..       1%          2    None
 Slow                     Hex            ####....     1%          2    None
 Throw Frost              Conj/Ice       ####..       1%          2    None
 Confuse                  Hex            ####....     1%          3    #......
 Conjure Flame            Conj/Fire      ####....     1%          3    #......
 Gell's Gravitas          Tloc           ####......   1%          3    #......
 Mephitic Cloud           Conj/Pois/Air  ####....     1%          3    #......
 Ozocubu's Armour         Chrm/Ice       ####....     1%          3    #......
 Portal Projectile        Hex/Tloc       ####..       1%          3    #......
 Static Discharge         Conj/Air       ####....     1%          3    #......
 Stone Arrow              Conj/Erth      ####..       1%          3    #......
 Tukima's Dance           Hex            ####....     1%          3    #......
 Airstrike                Air            ####......   1%          4    ###....
 Cause Fear               Hex            ####......   1%          4    ###....
 Leda's Liquefaction      Hex/Erth       ####......   1%          4    ###....
 Petrify                  Tmut/Erth      ####....     1%          4    ###....
 Summon Ice Beast         Ice/Summ       ####....     1%          4    ###....
 Throw Icicle             Conj/Ice       ####....     1%          4    ###....
 Iskenderun's Battlesphe  Conj/Chrm      ####....     3%          5    #####..
 Lee's Rapid Deconstruct  Erth           ####......   3%          5    #####..
 Lightning Bolt           Conj/Air       ####......   3%          5    #####..
 Metabolic Englaciation   Hex/Ice        ####......   3%          5    #####..
 Venom Bolt               Conj/Pois      ####......   3%          5    #####..
 Yara's Violent Unravell  Hex/Tmut       ####......   3%          5    #####..
 Freezing Cloud           Conj/Ice/Air   ####......   17%         6    ######.
 Iron Shot                Conj/Erth      ####......   17%         6    ######.
 Orb of Destruction       Conj           ####......   65%         7    #######
 Ring of Flames           Chrm/Fire      ####......   65%         7    #######
 Spellforged Servitor     Conj/Summ      ####......   65%         7    #######


Dungeon Overview and Level Annotations

Branches:
Dungeon (15/15)            Temple (1/1) D:4            Lair (6/6) D:11
  Swamp (1/4) Lair:3        Snake (0/4) Lair:2        Slime (0/5) Lair:5
    Orc (2/2) D:9             Elf (0/3) Orc:2        Vaults (0/5) D:14
 Depths (0/5) D:15          Sewer (visited)

Altars:
Ashenzari
Cheibriados
Dithmenos
Elyvilon
Fedhas
Gozag
Hepliaklqana
Kikubaaqudgha
Makhleb
Nemelex Xobeh
Okawaru
Qazlal
Ru
Sif Muna
Trog
Uskayaw
Vehumet
Wu Jian
Xom
Yredelemnul
Zin
The Shining One
Jiyva

Shops:
Orc:2 }:[!

Portals:
Hell: Lair:6

Annotations:
D:10 1 runed translucent door


Innate Abilities, Weirdness & Mutations

Your experience applies equally to all skills.
You have very sharp teeth.
Your uncanny sense of smell can sniff out nearby items.
You are resistant to hostile enchantments. (MR+)
You are resistant to electric shocks. (rElec)


Message History

* * * LOW HITPOINT WARNING * * *
x2 The grasping roots constrict you!
Blink to where?
Press: ? - help, Dir - move target cursor, p - shambling mangrove You escape the roots' grasp.
You are very lightly contaminated with residual magic.
As you read the scroll of blinking, it crumbles to dust.
Roots burst forth from the earth!
The grasping roots grab you!
* * * LOW HITPOINT WARNING * * *
The grasping roots constrict you.
Found a murky silvery potion.
Evoke which item? (* to show all) (? for menu, Esc to quit)
Aiming: Iceblast
Press: ? - help, Shift-Dir - straight line, f - shambling mangrove
Aim: a shambling mangrove (severely damaged)
The mass of ice explodes!
The iceblast engulfs the shambling mangrove!!
The shambling mangrove is almost destroyed.
You die...

♣♣....♣.♣
♣♣....♣≈.♣
♣♣..♣♣.♣
♣....≈≈.♣
♣♣§♣.♣♣
♣♣.♣.≈≈≈[♣
♣(≈.♣
♣.≈....♣♣
♣f(.♣
♣♣≈≈♣.≈.
♣♣§≈♣
.≈≈.≈.♣
♣♣..♣♣
♣....♣♣
♣@≈≈≈♣
♣♣≈≈.♣
.≈.♣ ...≈♣
.♣≈≈.♣
.!≈.≈.♣ ♣.
.≈≈. .
≈§≈.


You could see a shambling mangrove.

Vanquished Creatures
  A lich (D:10)
  An ironheart preserver (D:14)
  Nessos (Lair:4)
  Josephine (D:15)
  2 fire dragons (D:15)
  A rakshasa (D:15)
  Harold (D:7)
  Erica (D:9)
  10 hydras
  7 centaur warriors
  An alligator (Lair:5)
  5 two-headed ogres
  3 death yaks
  Urug (Lair:2)
  Nergalle (Lair:1)
  The ghost of pentaxis93 the Jinx, a journeyman SpEn of Dithmenos (D:10)
  2 skeletal warriors
  A sixfirhy (Lair:6)
  6 unseen horrors
  A deep elf archer (D:15)
  A wizard (Lair:6)
  3 orc knights (Orc:2)
  Pikel (D:6)
  A necromancer (D:10)
  A harpy (D:10)
  4 oklob plants (Lair:6)
  2 wolf spider zombies
  20 ugly things
  A shining eye (shapeshifter) (D:10)
  A deep elf mage (D:15)
  5 elephants (Lair:6)
  6 manticores
  2 cyclopes
  2 centaur zombies
  Joseph (D:9)
  4 black mambas
  13 spiny frogs
  3 orange demons (Lair:6)
  4 gargoyles
  A torpor snail (Lair:5)
  A rime drake (shapeshifter) (D:14)
  6 rime drakes
  An efreet (D:15)
  11 komodo dragons
  A hellwing (Lair:6)
  A yaktaur (D:14)
  A yaktaur (shapeshifter) (D:15)
  3 ice devils (Lair:6)
  7 trolls
  2 polar bears
  2 hornets
  A tyrant leech (Swamp:1)
  A polar bear (shapeshifter) (D:15)
  Prince Ribbit (D:6)
  A slime creature (D:15)
  6 dream sheep (Lair:6)
  15 hippogriffs
  11 blink frogs
  A shadow (D:13)
  A centaur simulacrum (D:10)
  2 vampires
  3 wyverns
  70 yaks
  A basilisk (D:15)
  4 fire bats (Lair:5)
  5 wraiths
  A soldier ant (D:14)
  5 wargs
  6 vampire mosquitoes
  Menkaure (D:7)
  3 nagas (Lair:2)
  4 hell hounds (Lair:6)
  20 water moccasins
  10 porcupines
  34 orc warriors
  5 phantoms
  7 sky beasts
  3 ice beasts
  A necrophage (D:8)
  10 ogres
  12 wolves
  22 centaurs
  15 crocodiles
  19 bullfrogs
  8 big kobolds
  5 gnoll sergeants
  A water moccasin skeleton (D:6)
  5 scorpions
  14 killer bees
  13 wights
  A howler monkey (D:12)
  3 electric eels
  8 crimson imps
  A lava snake (Lair:5)
  8 jellies
  2 quasits
  2 bullfrog zombies
  9 hounds
  Crazy Yiuf (D:7)
  10 orc priests
  2 centaur skeletons
  8 iguanas
  24 orc wizards
  A merfolk avatar (Sewer)
  A merfolk siren (Sewer)
  17 worker ants
  A killer bee zombie (D:10)
  2 hound skeletons
  A worker ant zombie (D:5)
  A howler monkey zombie (D:5)
  3 gnolls (Orc:1)
  19 adders
  2 river rats (Sewer)
  2 shadow imps
  7 oozes
  3 worms (D:2)
  5 dart slugs
  4 leopard geckos
  72 orcs
  7 giant cockroaches
  12 goblins
  6 hobgoblins
  15 jackals
  19 kobolds
  6 quokkas
  4 ball pythons (Sewer)
  A ball python skeleton (D:4)
  7 bats
  7 frilled lizards
  A jackal skeleton (D:6)
  2 quokka skeletons (D:4)
  22 rats
  A fungus (Lair:6)
  A plant (Lair:6)
838 creatures vanquished.

Vanquished Creatures (others)
  A water moccasin (D:13)
  2 slaves (D:6)
  A bullfrog (D:15)
  A quokka (D:6)
  3 fungi
  2 plants
10 creatures vanquished.

Grand Total: 848 creatures vanquished

Notes
Turn   | Place    | Note
-------+----------+-------------------------------------------
     0 | D:1      | Ijustatesigmund the Gnoll Fighter began the quest for the
                  | Orb.
     0 | D:1      | Reached XP level 1. HP: 23/23 MP: 1/1
   246 | D:1      | Reached XP level 2. HP: 29/29 MP: 2/2
   440 | D:1      | Reached XP level 3. HP: 27/35 MP: 3/3
   950 | D:2      | Reached skill level 1 in Short Blades
   950 | D:2      | Reached skill level 1 in Long Blades
   950 | D:2      | Reached skill level 1 in Axes
   950 | D:2      | Reached skill level 1 in Polearms
   950 | D:2      | Reached skill level 1 in Staves
   950 | D:2      | Reached skill level 1 in Slings
   950 | D:2      | Reached skill level 1 in Bows
   950 | D:2      | Reached skill level 1 in Crossbows
   950 | D:2      | Reached skill level 1 in Throwing
   950 | D:2      | Reached skill level 1 in Dodging
   950 | D:2      | Reached skill level 1 in Stealth
   950 | D:2      | Reached skill level 1 in Unarmed Combat
   950 | D:2      | Reached skill level 1 in Spellcasting
   950 | D:2      | Reached skill level 1 in Invocations
   950 | D:2      | Reached skill level 1 in Evocations
   955 | D:2      | Reached XP level 4. HP: 36/41 MP: 3/5
   966 | D:2      | Reached skill level 1 in Conjurations
   966 | D:2      | Reached skill level 1 in Hexes
   966 | D:2      | Reached skill level 1 in Charms
   966 | D:2      | Reached skill level 1 in Summonings
   966 | D:2      | Reached skill level 1 in Necromancy
   966 | D:2      | Reached skill level 1 in Translocations
   966 | D:2      | Reached skill level 1 in Transmutations
   966 | D:2      | Reached skill level 1 in Fire Magic
   966 | D:2      | Reached skill level 1 in Ice Magic
   966 | D:2      | Reached skill level 1 in Air Magic
   966 | D:2      | Reached skill level 1 in Earth Magic
   966 | D:2      | Reached skill level 1 in Poison Magic
  1076 | D:2      | Found a stormy altar of Qazlal.
  1171 | D:2      | Reached XP level 5. HP: 36/47 MP: 6/6
  1872 | D:3      | Reached XP level 6. HP: 34/53 MP: 8/8
  2374 | D:4      | Found a staircase to the Ecumenical Temple.
  2389 | D:4      | Reached skill level 5 in Maces & Flails
  2510 | D:4      | Reached XP level 7. HP: 41/59 MP: 10/10
  2943 | D:4      | Found a glowing drain.
  2948 | Sewer    | Entered a sewer
  3248 | Sewer    | Got a slimy hand crossbow
  3249 | Sewer    | Identified the +5 hand crossbow "Neeghud" {freeze, rElec
                  | Str+3 Int-4} (You found it in a sewer)
  3258 | Sewer    | Got a fine iron ring
  3259 | Sewer    | Identified the ring "Vustiusm" {Wiz rN+ Str+2} (You found
                  | it in a sewer)
  3662 | D:5      | Entered Level 5 of the Dungeon
  3674 | D:5      | Reached XP level 8. HP: 67/67 MP: 12/12
  4212 | D:5      | Found a sparkling altar of Nemelex Xobeh.
  4908 | D:6      | Reached XP level 9. HP: 51/72 MP: 14/14
  5056 | D:6      | Noticed Pikel
  5057 | D:6      | Noticed Prince Ribbit
  5068 | D:6      | Killed Pikel
  5075 | D:6      | Killed Prince Ribbit
  5345 | D:7      | Noticed Menkaure
  5349 | D:7      | Killed Menkaure
  5455 | D:7      | Found a white marble altar of Elyvilon.
  5491 | D:7      | Noticed Harold
  5518 | D:7      | Killed Harold
  5518 | D:7      | Reached skill level 5 in Invocations
  5518 | D:7      | Reached XP level 10. HP: 59/80 MP: 15/17
  5575 | D:7      | Found a runed translucent door.
  5576 | D:7      | Noticed Crazy Yiuf
  5584 | D:7      | Killed Crazy Yiuf
  5749 | D:7      | Found a shimmering altar of Xom.
  5830 | D:7      | Found an ancient bone altar of Kikubaaqudgha.
  6125 | D:7      | Reached skill level 5 in Short Blades
  6125 | D:7      | Reached skill level 5 in Long Blades
  6125 | D:7      | Reached skill level 5 in Axes
  6125 | D:7      | Reached skill level 5 in Polearms
  6125 | D:7      | Reached skill level 5 in Staves
  6125 | D:7      | Reached skill level 5 in Slings
  6125 | D:7      | Reached skill level 5 in Bows
  6125 | D:7      | Reached skill level 5 in Crossbows
  6125 | D:7      | Reached skill level 5 in Throwing
  6125 | D:7      | Reached skill level 5 in Dodging
  6125 | D:7      | Reached skill level 5 in Stealth
  6125 | D:7      | Reached skill level 5 in Unarmed Combat
  6125 | D:7      | Reached skill level 5 in Spellcasting
  6125 | D:7      | Reached skill level 5 in Evocations
  6937 | D:8      | Found a glowing golden altar of the Shining One.
  7406 | D:9      | Found a shimmering blue altar of Sif Muna.
  7461 | D:9      | Found a snail-covered altar of Cheibriados.
  7671 | D:9      | Found a sacrificial altar of Ru.
  7925 | D:9      | Noticed Erica
  7944 | D:9      | Killed Erica
  7944 | D:9      | Reached XP level 11. HP: 35/87 MP: 19/19
  8212 | D:9      | Found a staircase to the Orcish Mines.
  8245 | D:9      | Reached skill level 5 in Conjurations
  8245 | D:9      | Reached skill level 5 in Hexes
  8245 | D:9      | Reached skill level 5 in Charms
  8245 | D:9      | Reached skill level 5 in Summonings
  8245 | D:9      | Reached skill level 5 in Necromancy
  8245 | D:9      | Reached skill level 5 in Translocations
  8245 | D:9      | Reached skill level 5 in Transmutations
  8245 | D:9      | Reached skill level 5 in Fire Magic
  8245 | D:9      | Reached skill level 5 in Ice Magic
  8245 | D:9      | Reached skill level 5 in Air Magic
  8245 | D:9      | Reached skill level 5 in Earth Magic
  8245 | D:9      | Reached skill level 5 in Poison Magic
  8541 | D:9      | Got a steaming war axe
  8542 | D:9      | Identified the cursed +2 war axe "Huxzan Icwo" {chop, rC+
                  | rN+ Int+3 Stlth-} (You found it on level 9 of the Dungeon)
  8616 | D:9      | Noticed Joseph
  8630 | D:9      | Killed Joseph
  8726 | D:9      | Found an opulent altar of Gozag.
  8730 | D:9      | Found a glowing golden altar of the Shining One.
  8730 | D:9      | Found a sacrificial altar of Ru.
  8764 | D:9      | Found a blossoming altar of Fedhas.
  8768 | D:9      | Found a radiant altar of Vehumet.
  9032 | Temple   | Entered the Ecumenical Temple
  9077 | Temple   | Became a worshipper of Warmaster Okawaru
  9290 | D:10     | Entered Level 10 of the Dungeon
  9582 | D:10     | Found a sparkling altar of Nemelex Xobeh.
  9615 | D:10     | Learned a level 2 spell: Passwall
  9827 | D:10     | Noticed a two-headed ogre
  9838 | D:10     | Killed a two-headed ogre
  9838 | D:10     | Reached * piety under Okawaru
  9905 | D:10     | Reached ** piety under Okawaru
  9944 | D:10     | Noticed a lich
  9944 | D:10     | Noticed pentaxis93's ghost (journeyman SpEn)
  9944 | D:10     | Noticed a harpy
  9945 | D:10     | Noticed a necromancer
  9945 | D:10     | Noticed a skeletal warrior
  9981 | D:10     | Found a runed translucent door.
  9981 | D:10     | Noticed a swamp dragon
  9983 | D:10     | Found a runed translucent door.
  9989 | D:10     | a swamp dragon changed into a hippogriff
 11672 | D:11     | Noticed a death yak
 11680 | D:11     | Noticed a death yak
 11683 | D:11     | Noticed a death yak
 11999 | D:11     | Gained mutation: You are resistant to hostile enchantments.
                  | (MR+) [potion of mutation]
 11999 | D:11     | Gained mutation: You are resistant to electric shocks.
                  | (rElec) [potion of mutation]
 11999 | D:11     | Noticed a brown ugly thing
 12009 | D:11     | Got a pair of jewelled gloves
 12017 | D:11     | Noticed a purple ugly thing
 12036 | D:11     | Noticed a cyclops
 12045 | D:11     | Killed a cyclops
 12045 | D:11     | Reached XP level 12. HP: 53/96 MP: 20/22
 12057 | D:12     | Killed a death yak
 12376 | D:12     | Identified the +0 pair of gloves of Midsummer {rElec rPois
                  | rF+++ rC-} (You found it on level 11 of the Dungeon)
 12388 | D:12     | Reached *** piety under Okawaru
 13098 | D:12     | Got a translucent trident
 13099 | D:12     | Identified the cursed +1 trident "Onwem" {protect, *Noise
                  | +Blink rF+ rC+} (You found it on level 12 of the Dungeon)
 13323 | D:12     | Noticed a seven-headed hydra
 13329 | D:12     | Killed a four-headed hydra
 13329 | D:12     | Received a gift from Okawaru
 13627 | D:12     | Noticed a six-headed hydra
 13665 | D:12     | Killed a two-headed hydra
 14182 | D:12     | Reached **** piety under Okawaru
 14196 | D:12     | Noticed a centaur warrior
 14206 | D:12     | Killed a centaur warrior
 14212 | D:12     | Got a warped mace
 14335 | D:12     | Identified the +3 mace of Fixation {venom, rElec rPois
                  | Int+7 Stlth-} (You found it on level 12 of the Dungeon)
 14697 | D:11     | Found a staircase to the Lair.
 15100 | D:12     | Reached skill level 10 in Fighting
 15100 | D:12     | Reached skill level 10 in Armour
 15100 | D:12     | Reached skill level 10 in Shields
 15101 | D:12     | Received a gift from Okawaru
 15180 | D:13     | Noticed a centaur warrior
 15551 | D:12     | Killed a death yak
 15718 | D:12     | Reached XP level 13. HP: 102/103 MP: 22/24
 15720 | D:12     | Reached ***** piety under Okawaru
 16143 | D:13     | Received a gift from Okawaru
 16742 | D:13     | Found a burning altar of Makhleb.
 16782 | D:13     | Received a gift from Okawaru
 16785 | D:13     | Got a bloodstained hat {god gift}
 16791 | D:13     | Identified the +2 hat "Favewiad" {Regen+} (Okawaru gifted
                  | it to you on level 13 of the Dungeon)
 17134 | D:13     | Learned a level 2 spell: Swiftness
 17138 | D:13     | Learned a level 3 spell: Inner Flame
 17624 | D:14     | Found a gate to the Vaults.
 17624 | D:14     | Noticed an ironheart preserver
 17934 | D:10     | Killed a lich
 18112 | D:10     | Noticed a great orb of eyes
 18112 | D:10     | an alligator changed into a great orb of eyes
 18118 | D:10     | a great orb of eyes changed into a wolf spider
 18171 | D:10     | Killed pentaxis93's ghost
 18445 | D:14     | Received a gift from Okawaru
 18502 | D:14     | Reached XP level 14. HP: 94/111 MP: 26/26
 18630 | D:14     | Received a gift from Okawaru
 18703 | D:14     | Killed an ironheart preserver
 18703 | D:14     | Reached skill level 10 in Maces & Flails
 18829 | D:14     | Received a gift from Okawaru
 18873 | D:14     | Got an encrusted hat {god gift}
 18884 | D:14     | Identified the +1 hat of Okawaru's Whim {Regen+ Str+3}
                  | (Okawaru gifted it to you on level 14 of the Dungeon)
 19701 | Orc:1    | Entered Level 1 of the Orcish Mines
 20019 | Orc:2    | Entered Level 2 of the Orcish Mines
 20202 | Orc:2    | Reached skill level 10 in Invocations
 20207 | Orc:2    | Learned a level 3 spell: Dazzling Spray
 20217 | Orc:2    | Found a staircase to the Elven Halls.
 21681 | Orc:2    | Received a gift from Okawaru
 21771 | Orc:2    | Found Qyps's Book Shoppe.
 21771 | Orc:2    | Found Qesism's Armour Boutique.
 21773 | Orc:2    | Found Beoxziq's Distillery.
 21775 | Orc:2    | Found Faptoh's Gadget Emporium.
 21782 | Orc:2    | Bought a potion of might for 60 gold pieces
 21782 | Orc:2    | Bought a potion of heal wounds for 75 gold pieces
 21782 | Orc:2    | Bought a potion of agility for 60 gold pieces
 21794 | Orc:2    | Bought the +0 pair of fencer's gloves {Riposte Dex+3} for
                  | 480 gold pieces
 21794 | Orc:2    | Found the +0 pair of fencer's gloves {Riposte Dex+3}
 22025 | Lair:1   | Entered Level 1 of the Lair of Beasts
 22146 | Lair:1   | Noticed Nergalle
 22157 | Lair:1   | Killed Nergalle
 22491 | Lair:1   | Reached XP level 15. HP: 94/119 MP: 28/28
 22882 | Lair:2   | Noticed Urug
 22890 | Lair:2   | Killed Urug
 22928 | Lair:2   | Found a staircase to the Snake Pit.
 23339 | Lair:2   | Got a smoking rapier
 23340 | Lair:2   | Identified the +4 rapier of Teunwad {venom, Str-4 Int+6}
                  | (You found it on level 2 of the Lair of Beasts)
 23763 | Lair:3   | Learned a level 5 spell: Bolt of Magma
 23802 | Lair:3   | Found a staircase to the Swamp.
 24486 | Lair:4   | Noticed Nessos
 24502 | Lair:4   | Killed Nessos
 25437 | Lair:5   | Reached ****** piety under Okawaru
 25462 | Lair:5   | Received a gift from Okawaru
 25496 | Lair:5   | Reached skill level 10 in Short Blades
 25496 | Lair:5   | Reached skill level 10 in Long Blades
 25496 | Lair:5   | Reached skill level 10 in Axes
 25496 | Lair:5   | Reached skill level 10 in Polearms
 25496 | Lair:5   | Reached skill level 10 in Staves
 25496 | Lair:5   | Reached skill level 10 in Slings
 25496 | Lair:5   | Reached skill level 10 in Bows
 25496 | Lair:5   | Reached skill level 10 in Crossbows
 25496 | Lair:5   | Reached skill level 10 in Throwing
 25496 | Lair:5   | Reached skill level 10 in Dodging
 25496 | Lair:5   | Reached skill level 10 in Stealth
 25496 | Lair:5   | Reached skill level 10 in Unarmed Combat
 25496 | Lair:5   | Reached skill level 10 in Spellcasting
 25496 | Lair:5   | Reached skill level 10 in Evocations
 25529 | Lair:5   | Found a viscous altar of Jiyva.
 25529 | Lair:5   | Found a staircase to the Slime Pits.
 25894 | Lair:5   | Received a gift from Okawaru
 26463 | Lair:6   | Entered Level 6 of the Lair of Beasts
 27058 | Lair:6   | Found a burning altar of Makhleb.
 27061 | Lair:6   | Reached XP level 16. HP: 122/127 MP: 30/30
 27126 | Lair:6   | Found a gateway to Hell.
 28494 | D:15     | Entered Level 15 of the Dungeon
 28601 | D:15     | Received a gift from Okawaru
 28612 | D:15     | Found a staircase to the Depths.
 28802 | D:15     | Noticed Josephine
 28810 | D:15     | Killed Josephine
 29225 | D:15     | Identified the cursed +0 triple crossbow of Uncertain Death
                  | {freeze, Int+3}
 29947 | Swamp:1  | Entered Level 1 of the Swamp
 30030 | Swamp:1  | HP: 6/127 [shambling mangrove (6)]
 30033 | Swamp:1  | Slain by a shambling mangrove

Levels and vault maps discovered:
D:1:      minmay_arrival_four_houses, layout_loops_corners
D:2:      layout_rooms, nicolae_qazlal_general_emergency
D:3:      layout_loops_corners, minmay_misc_feat_iff
D:4:      layout_loops_ring, minmay_temple_entry_waves, first_ration,
          portal_sewer_entry_e, nrook_mini_vaults, kennysheep_generic_room_3
D:5:      layout_layer_cave, kennysheep_little_box,
          chequers_serial_rivers_micro_d
D:6:      layout_loops_ring, uniq_pikel, uniq_prince_ribbit1
D:7:      layout_basic, lemuel_doored_altar, kennysheep_mini_moat,
          lemuel_crystal_altar, uniq_harold, uniq_menkaure,
          uniq_crazy_yiuf_cottage
D:8:      layout_loops_ring, hangedman_little_slice_of_home, tso_metal_star
D:9:      layout_basic, kennysheep_mini, cheibriados_altar_1,
          minmay_overflow_temple_star_hex,
          kennysheep_orc_monster_closet_entryway, nicolae_ru_awakened_eye,
          uniq_erica, uniq_joseph
D:10:     layout_basic, muffindrake_ghost_dual_entry,
          nemelex_diamond_rough_becter
D:11:     layout_cave_pools, dpeg_lair_monsters
D:12:     layout_layer_cave, st_stairs_11, small_chamber_with_monster
D:13:     layout_rooms, fountainhead, lemuel_tele_altar
D:14:     layout_stronghold, skrybe_vaults_entry_preservation,
          roderic_serpentine_path, grunt_ministairs_11,
          minmay_unpleasant_kobolds
D:15:     grunt_enter_depths_hoard, layout_loops_ring,
          minmay_hollow_rounded_squares, uniq_josephine
Temple:   jpeg_temple_alley_garden
Lair:1:   layout_regular_city, lemuel_fruit_tree, uniq_nergalle
Lair:2:   layout_regular_city, minmay_snake_entry_guardpost_small, uniq_urug
Lair:3:   layout_small_grid, minmay_swamp_entry_swarm
Lair:4:   layout_big_grid, hangedman_lair_generics_rect, grunt_megastairs_4,
          uniq_nessos
Lair:5:   layout_gridlike, slime_altar_1, nzn_random_ring
Lair:6:   evil_forest, layout_concentric_octagons, minmay_lair_oklob_chamber,
          serial_bayou_shore_b, grunt_megastairs_1
Swamp:1:  layout_falls_marsh, nicolae_swamp_triple_paths
Orc:1:    layout_caves
Orc:2:    st_orc_rangers, layout_diamond_mine, mines5_lemuel

Skill      XL: |  1  2  3  4  5  6  7  8  9 10 11 12 13 14 15 16 |
---------------+-------------------------------------------------+-----
Short Blades   | 1 2 3 4 5 6 7 8 9 10 | 10.7
Long Blades    | 1 2 3 4 5 6 7 8 9 10 | 10.7
Axes           | 1 2 3 4 5 6 7 8 9 10 | 10.7
Polearms       | 1 2 3 4 5 6 7 8 9 10 | 10.7
Staves         | 1 2 3 4 5 6 7 8 9 10 | 10.7
Slings         | 1 2 3 4 5 6 7 8 9 10 | 10.7
Bows           | 1 2 3 4 5 6 7 8 9 10 | 10.7
Crossbows      | 1 2 3 4 5 6 7 8 9 10 | 10.7
Throwing       | 1 2 3 4 5 6 7 8 9 10 | 10.7
Dodging        | 1 2 3 4 5 6 7 8 9 10 | 10.7
Stealth        | 1 2 3 4 5 6 7 8 9 10 | 10.7
Unarmed Combat | 1 2 3 4 5 6 7 8 9 10 | 10.7
Spellcasting   | 1 2 3 4 5 6 7 8 9 10 | 10.7
Invocations    | 1 2 3 4 5 6 7 8 9 10 11 | 11.5
Evocations     | 1 2 3 4 5 6 7 8 9 10 | 10.7
Conjurations   | 1 2 3 4 5 6 7 8 9 |  9.1
Hexes          | 1 2 3 4 5 6 7 8 9 |  9.1
Charms         | 1 2 3 4 5 6 7 8 9 |  9.1
Summonings     | 1 2 3 4 5 6 7 8 9 |  9.1
Necromancy     | 1 2 3 4 5 6 7 8 9 |  9.1
Translocations | 1 2 3 4 5 6 7 8 9 |  9.1
Transmutations | 1 2 3 4 5 6 7 8 9 |  9.1
Fire Magic     | 1 2 3 4 5 6 7 8 9 |  9.1
Ice Magic      | 1 2 3 4 5 6 7 8 9 |  9.1
Air Magic      | 1 2 3 4 5 6 7 8 9 |  9.1
Earth Magic    | 1 2 3 4 5 6 7 8 9 |  9.1
Poison Magic   | 1 2 3 4 5 6 7 8 9 |  9.1
Maces & Flails | 5 6 7 8 9 10 11 | 11.5
Fighting       | 7 8 9 10 11 12 | 12.3
Armour         | 7 8 9 10 11 12 | 12.3
Shields        | 7 8 9 10 11 12 | 12.3

Action                   |  1- 3 |  4- 6 |  7- 9 | 10-12 | 13-15 | 16-18 || total
-------------------------+-------+-------+-------+-------+-------+-------++-------
Melee: Flail             |    82 |   169 |       |       |       |       ||   251
       Bite              |    10 |    18 |    36 |   137 |   144 |    51 ||   396
       Whip              |       |    12 |   258 |       |       |       ||   270
       Long sword        |       |       |    58 |   307 |   127 |       ||   492
       War axe           |       |       |       |   438 |   491 |   261 ||  1190
       Scimitar          |       |       |       |    16 |    52 |       ||    68
       Hand crossbow     |       |       |       |       |     1 |       ||     1
       Rapier            |       |       |       |       |    34 |       ||    34
 Fire: Hand crossbow     |       |       |    61 |    52 |   694 |   115 ||   922
Throw: Dart              |       |     5 |    14 |     6 |    20 |       ||    45
       Javelin           |       |       |       |       |       |     8 ||     8
 Cast: Passwall          |       |       |       |     1 |     2 |     2 ||     5
       Inner Flame       |       |       |       |       |    10 |       ||    10
       Swiftness         |       |       |       |       |     1 |       ||     1
       Bolt of Magma     |       |       |       |       |     1 |     2 ||     3
Invok: Heroism           |       |       |       |     8 |    12 |     3 ||    23
       Finesse           |       |       |       |       |     2 |     1 ||     3
Evoke: Wand              |       |       |     2 |    24 |    21 |     5 ||    52
  Use: Scroll            |     3 |     5 |     4 |    18 |    10 |     6 ||    46
       Potion            |     1 |     1 |     2 |     7 |     5 |     1 ||    17
 Stab: Sleeping          |       |       |       |       |       |     1 ||     1
  Eat: Chunk             |       |     6 |     6 |    18 |    25 |     6 ||    61
       Ration            |       |       |     1 |     5 |     3 |     1 ||    10
Armor: Scale mail        |     2 |       |       |       |    91 |    94 ||   187
       Chain mail        |    40 |   106 |   119 |   388 |   232 |       ||   885
Dodge: Dodged            |    11 |    55 |    63 |   409 |   568 |   149 ||  1255
Block: Shield            |    48 |   121 |   143 |   254 |       |       ||   566
       Buckler           |       |       |       |   235 |   506 |   156 ||   897
       Reflection        |       |       |       |       |       |     3 ||     3
       Rpst.: Long sword |       |       |     4 |    37 |    21 |       ||    62
       Scimitar          |       |       |       |     4 |     9 |       ||    13

Table legend:
 A = Non-vault XP
 B = Vault XP
 C = Vault XP percentage of total XP
 D = Non-vault monster count
 E = Vault monster count
 F = Vault count percentage of total count
                 A         B        C        D         E       F
            +---------+---------+-------+---------+---------+-------
      Total |   92572 |   62726 |  40.4 |     594 |     244 |  29.1
            +---------+---------+-------+---------+---------+-------
        D:1 |      39 |       0 |   0.0 |      19 |       0 |   0.0
        D:2 |     182 |       0 |   0.0 |      28 |       0 |   0.0
        D:3 |     119 |       0 |   0.0 |      15 |       0 |   0.0
        D:4 |     471 |     116 |  19.8 |      22 |       1 |   4.3
        D:5 |     693 |       0 |   0.0 |      23 |       0 |   0.0
        D:6 |     606 |     877 |  59.1 |      18 |       2 |  10.0
        D:7 |    1201 |    1177 |  49.5 |      28 |       3 |   9.7
        D:8 |     952 |     161 |  14.5 |      19 |       8 |  29.6
        D:9 |    2161 |    3582 |  62.4 |      34 |      22 |  39.3
       D:10 |    4533 |    7135 |  61.2 |      45 |      10 |  18.2
       D:11 |    2231 |       0 |   0.0 |      21 |       0 |   0.0
       D:12 |   10382 |    4600 |  30.7 |      42 |      11 |  20.8
       D:13 |    7633 |       0 |   0.0 |      35 |       0 |   0.0
       D:14 |   17920 |    3608 |  16.8 |      48 |      19 |  28.4
       D:15 |    7038 |    7597 |  51.9 |      21 |      14 |  40.0
     Lair:1 |    4862 |     828 |  14.6 |      18 |       1 |   5.3
     Lair:2 |    7132 |    1381 |  16.2 |      35 |       4 |  10.3
     Lair:3 |    1568 |     353 |  18.4 |      10 |       2 |  16.7
     Lair:4 |    3612 |    4558 |  55.8 |      12 |      10 |  45.5
     Lair:5 |    4789 |    5750 |  54.6 |      21 |      13 |  38.2
     Lair:6 |   11715 |   12502 |  51.6 |      38 |      36 |  48.6
    Swamp:1 |     286 |       0 |   0.0 |       1 |       0 |   0.0
      Orc:1 |    1852 |     121 |   6.1 |      34 |       1 |   2.9
      Orc:2 |     595 |    8210 |  93.2 |       7 |      49 |  87.5
      Sewer |       0 |     170 | 100.0 |       0 |      38 | 100.0
            +---------+---------+-------+---------+---------+-------
